AoeStats
← Knights hospitaller

Arena

510298390Analyzed
1v1 RM · 1d ago on Sep 30, 2026· 42m 46s· 2 players
Game mode
Random Map
Map size
Tiny (2 player)
Population
200
Speed
Normal
Resources
Standard
Victory
Conquest
Starting age
Dark Age
Ending age
Imperial Age
RankedLock teamsTeams togetherTeam positionsShared explorationLock speedFull tech treeHidden civsTurbo modeCheats
Victory
Defeat
1138
+14
🇨🇳 Poles · China
1089
-14
Knights hospitaller
10:26 Feudal Age
10:16 Loom
14:28 Castle Age
12:32 Double-Bit Axe
26:38 Bloodlines
27:44 Scale Barding Armor
27:44 Husbandry
33:16 Imperial Age
32:18 Fervor
31:59 Horse Collar
33:11 Gold Mining
38:31 Wheelbarrow
38:59 Chain Barding Armor
42:17 Forging
41:57 Fletching
42:59 Conscription
巨浪大切
10:37 Feudal Age
11:30 Loom
14:55 Castle Age
13:18 Double-Bit Axe
13:17 Horse Collar
17:27 Forging
22:28 Wheelbarrow
22:06 Gold Mining
24:02 Scale Mail Armor
28:37 Szlachta Privileges
31:39 Husbandry
31:49 Bloodlines
33:11 Scale Barding Armor
33:43 Iron Casting
34:32 Chain Barding Armor
37:22 Imperial Age
34:23 Light Cavalry
37:43 Winged Hussar
38:29 Town Watch
38:58 Cavalier
41:33 Blast Furnace
Connection lost

Rejoining the realm…

Still unreachable

The connection could not be restored.

Session expired

The server has moved on; the page needs a fresh start.